 Dungeon Crawl Stone Soup version 0.24.0-1-gfbc8707122 (webtiles) character file.

Game seed: 2227982860339543376, levelgen mode: deterministic

75 theswoord the Cudgeler (level 4, -3/35 HPs)
             Began as a Demonspawn Abyssal Knight on Oct 25, 2019.
             Was a Believer of Lugonu.
             Slain by a kobold
             ... wielding a +2 whip of electrocution
              (19 damage)
             ... on level 2 of the Dungeon.
             The game lasted 00:03:20 (1215 turns).

theswoord the Cudgeler (Demonspawn Abyssal Knight)  Turns: 1215, Time: 00:03:21

Health: -3/35      AC:  6    Str: 12    XL:     4   Next: 11%
Magic:  5/5        EV: 11    Int: 19    God:    Lugonu [**....]
Gold:   86         SH:  0    Dex: 13    Spells: 3/3 levels left

rFire    . . .     SeeInvis .   j - +0 whip
rCold    . . .     Gourm    .   (no shield)
rNeg     . . .     Faith    .   b - +0 leather armour
rPois    .         Spirit   .   (no helmet)
rElec    .         Reflect  .   (no cloak)
rCorr    .         Harm     .   e - +2 pair of gloves
MR       .....                  (no boots)
Stlth    +.........             (no amulet)
HPRegen  0.11/turn              (no ring)
MPRegen  0.09/turn              (no ring)

@: brilliant
A: demonic guardian 1
a: Depart the Abyss, Bend Space, Renounce Religion


You were on level 2 of the Dungeon.
You worshipped Lugonu.
Lugonu was pleased with you.
You were not hungry.

You visited 1 branch of the dungeon, and saw 2 of its levels.
You visited the Abyss 1 time.

You collected 86 gold pieces.

Inventory:

Hand Weapons
 a - a +1 mace
 j - a +0 whip (weapon)
Armour
 b - a +0 leather armour (worn)
 e - a +2 pair of gloves (worn)
 p - a +1 cloak
Scrolls
 d - 2 scrolls of remove curse {unknown}
 g - 4 scrolls of identify {unknown}
 i - 2 scrolls of amnesia {unknown}
 k - a scroll of enchant armour {unknown}
 m - 3 scrolls of blinking {unknown}
 o - a scroll of fear {unknown}
Comestibles
 c - 5 rations
 f - 6 chunks of flesh


   Skills:
 - Level 3.0 Fighting
 + Level 4.0 Maces & Flails
 - Level 1.7 Armour
 - Level 0.8 Dodging
 - Level 2.4 Invocations


You had 3 spell levels left.
You didn't know any spells.
Your spell library was empty.

Dungeon Overview and Level Annotations

Branches:
Dungeon (2/15)

Altars:


Innate Abilities, Weirdness & Mutations

A weak demonic guardian rushes to your aid.


Message History

You closely miss the kobold. The kobold misses you.
You bump into the rock wall.
You feel sick. The kobold hits you but does no damage.
You are electrocuted!
You miss the kobold. The kobold misses you.
You bump into the rock wall.
The kobold hits you but does no damage.
You bump into the rock wall.
You feel sick.
You are no longer poisoned.
The kobold barely misses you.
You miss the kobold.
You feel less invigorated.
You feel less confused.
The kobold hits you with a +2 whip of electrocution.
You hit the kobold but do no damage.
The kobold hits you with a +2 whip of electrocution.
Your leather armour prevents you from hitting the kobold.
The kobold hits you but does no damage.
You are electrocuted!
* * * LOW HITPOINT WARNING * * *
You barely miss the kobold. The kobold hits you but does no damage.
You are electrocuted!!
Ouch! That really hurt!
You die...

### ##...
#.....#########
#......†K@....#
......#######.#####
.#... #......# ###
#..###.# #..###.#
##...##.# #.......#
#..#.##.#
##)......#


You could see a kobold.

Vanquished Creatures
  2 adders (D:2)
  2 oozes (D:1)
  3 dart slugs (D:1)
  A leopard gecko (D:1)
  4 giant cockroaches (D:1)
  5 goblins
  5 hobgoblins
  4 jackals (D:1)
  6 bats (D:1)
  2 frilled lizards (D:2)
  3 kobolds
  5 rats
42 creatures vanquished.

Notes
Turn   | Place    | Note
-------+----------+-------------------------------------------
     0 | Abyss:1  | theswoord the Demonspawn Abyssal Knight began the quest for
                  | the Orb.
     0 | Abyss:1  | Reached XP level 1. HP: 18/18 MP: 2/2
    15 | D:1      | Escaped the Abyss
    56 | D:1      | Reached skill level 2 in Maces & Flails
   131 | D:1      | Gained mutation: A weak demonic guardian rushes to your
                  | aid. [demonic ancestry]
   131 | D:1      | Reached XP level 2. HP: 23/24 MP: 3/3
   247 | D:1      | Reached skill level 3 in Maces & Flails
   534 | D:1      | Reached ** piety under Lugonu
   534 | D:1      | Reached XP level 3. HP: 14/29 MP: 4/4
  1198 | D:2      | Reached skill level 4 in Maces & Flails
  1198 | D:2      | Reached XP level 4. HP: 21/35 MP: 5/5
  1215 | D:2      | Slain by a kobold

Skill      XL: |  1  2  3 |
---------------+----------+-----
Maces & Flails | 2 3 4 |  4.0
Fighting       | |  3.0
Armour         | |  1.7
Dodging        | |  0.8
Invocations    | |  2.4

Action                   |  1- 3 |  4- 6 || total
-------------------------+-------+-------++-------
Melee: Mace              |    73 |       ||    73
       Whip              |    97 |     8 ||   105
  Use: Potion            |     1 |     2 ||     3
  Eat: Chunk             |     1 |       ||     1
Armor: Leather armour    |    82 |     6 ||    88
Dodge: Dodged            |   107 |     7 ||   114

Levels and vault maps discovered:
D:1:      psy_arrival_whirlpool, layout_loops_ring, minmay_close_crescents
D:2:      minmay_wonky_spiral, layout_loops_cross, led_sif_pool,
          gammafunk_temple_overflow_wave, minmay_fountain_box,
          grunt_ministairs_5
